[Event "*** SCC Grand Prix: Titled Tuesday Blitz"]
[Site "Chess.com"]
[Date "2020.06.02"]
[Round "1"]
[White "Robert_Chessmood"]
[Black "LuckSlayeer"]
[Result "0-1"]
[WhiteElo "2915"]
[BlackElo "2456"]
[TimeControl "180+1"]
[EndTime "10:01:35 PDT"]
[Termination "LuckSlayeer won by resignation"]

1. e4 c5 2. Nf3 Nc6 3. d4 cxd4 4.
Nxd4 e5 5. Nb5 d6 6. N1c3 a6 7. Na3 b5 8. Nd5 Nce7 9. c4 Nxd5 10. exd5 bxc4 0-1

[Event "*** SCC Grand Prix: Titled Tuesday Blitz"]
[Site "Chess.com"]
[Date "2020.06.02"]
[Round "1"]
[White "Leonid_Starozhilov"]
[Black "Tenamu"]
[Result "1-0"]
[WhiteElo "2719"]
[BlackElo "2360"]
[TimeControl "180+1"]
[EndTime "10:01:39 PDT"]
[Termination "Leonid_Starozhilov won by resignation"]

1. e4 e6 2. d4 d5 3. e5 c5 4. c3 Nc6 5. Nf3 Qb6 6. a3 f6 7. Bd3 Bd7 8. O-O cxd4 9. cxd4 Nxd4 10. Nxd4 Qxd4 11. Bg6+ hxg6 12. Qxd4 fxe5 13. Qxe5 1-0

[Event "*** SCC Grand Prix: Titled Tuesday Blitz"]
[Site "Chess.com"]
[Date "2020.06.02"]
[Round "1"]
[White "oykuince"]
[Black "TengisChess"]
[Result "0-1"]
[WhiteElo "2071"]
[BlackElo "2502"]
[TimeControl "180+1"]
[EndTime "10:01:48 PDT"]
[Termination "TengisChess won by resignation"]

1. e4 c6 2. d4 d5 3. exd5 cxd5 4. c4 Nf6 5. Nc3 Nc6 6. Nf3 Bg4 7. cxd5 Nxd5 8.
Qb3 Bxf3 9. gxf3 e6 10. Nxd5 Qxd5 11. Qxb7 Bb4+ 12. Bd2 Bxd2+ 13. Kxd2 Rb8 0-1

[Event "*** SCC Grand Prix: Titled Tuesday Blitz"]
[Site "Chess.com"]
[Date "2020.06.02"]
[Round "1"]
[White "Gennady_Kozlov"]
[Black "Dare-Dare"]
[Result "1-0"]
[WhiteElo "2566"]
[BlackElo "2221"]
[TimeControl "180+1"]
[EndTime "10:02:10 PDT"]
[Termination "Gennady_Kozlov won by resignation"]

1. b3 d6 2. Bb2 e5 3. e3 f5 4. f4 e4 5. Qh5+ Ke7 6. Nc3 Nf6 7. Qg5 h6 8. Qh4 Kf7 9. Bc4+ d5 10. Nxd5 Nxd5 1-0

[Event "*** SCC Grand Prix: Titled Tuesday Blitz"]
[Site "Chess.com"]
[Date "2020.06.02"]
[Round "1"]
[White "Abund"]
[Black "ZarinaShafigullina"]
[Result "1-0"]
[WhiteElo "2626"]
[BlackElo "2288"]
[TimeControl "180+1"]
[EndTime "10:02:41 PDT"]
[Termination "Abund won by resignation"]

1. d4 Nf6 2. c4 e6 3. Nc3 Bb4 4.
f3 c5 5. d5 exd5 6. cxd5 O-O 7. e4 d6 8. Ne2 Nbd7 9. Ng3 Ne5 10. Be2 Re8 11. O-O a6 12. Kh1 b5 13. a4 Bxc3 14. bxc3 Rb8 15. axb5 axb5 16. Be3 Bd7 17. Qd2 h5 18. Bg5 Ng6 19. Nxh5 Re5 20.
Bxf6 Rxh5 1-0

[Event "*** SCC Grand Prix: Titled Tuesday Blitz"]
[Site "Chess.com"]
[Date "2020.06.02"]
[Round "1"]
[White "Chessy222222"]
[Black "Sweafty"]
[Result "0-1"]
[WhiteElo "2112"]
[BlackElo "2511"]
[TimeControl "180+1"]
[EndTime "10:02:44 PDT"]
[Termination "Sweafty won by resignation"]

1. e4 d6 2. d4 Nf6 3. Nc3 e5 4. f4 Nbd7 5. Nf3 exd4 6. Qxd4 c6 7. Be2 Be7 8. Be3 O-O 9. O-O Ng4 10. Bc1 d5 11. Kh1 Bc5 12. Qd3 Nf2+ 13. Rxf2 Bxf2 14. e5 Nc5 15. Qd1 Ne4 16. Qf1 Bb6 17. Bd3 Nf2+ 0-1

[Event "*** SCC Grand Prix: Titled Tuesday Blitz"]
[Site "Chess.com"]
[Date "2020.06.02"]
[Round "1"]
[White "kot60"]
[Black "amintabatabaei"]
[Result "0-1"]
[WhiteElo "2441"]
[BlackElo "2933"]
[TimeControl "180+1"]
[EndTime "10:02:45 PDT"]
[Termination "amintabatabaei won by resignation"]

1. e4 c5 2. Nc3 Nc6 3. Bc4 e6 4. d3 Be7 5. Nge2 Nf6 6. O-O O-O 7. h3 d5 8. exd5 exd5 9. Bb3 d4 10. Ne4 Na5 11. N2g3 Nxb3 12. axb3 Nxe4 13. dxe4 a5 14. f4 Bd7 15. e5 f5 16. exf6 Bxf6 17. Ne4 Be7 18.
Qh5 Rf5 19. Qf3 Bc6 20. Qd3 Qd5 21. Re1 Bh4 22. Re2 Re8 23. Nf6+ 0-1

[Event "*** SCC Grand Prix: Titled Tuesday Blitz"]
[Site "Chess.com"]
[Date "2020.06.02"]
[Round "1"]
[White "WinstonSilvakov"]
[Black "Malysch"]
[Result "0-1"]
[WhiteElo "2064"]
[BlackElo "2499"]
[TimeControl "180+1"]
[EndTime "10:02:59 PDT"]
[Termination "Malysch won by resignation"]

1. d4 Nf6 2. e3 c5 3. dxc5 g6 4. Bd3 Bg7 5. Nd2 Na6 6. f4 Nxc5 7. Be2 O-O 8. Ngf3 b6 9. O-O Bb7 10. Rb1 Rc8 11. a3 d6 12. h3 Qc7 13. b3 Nce4 14. Nxe4 Nxe4 15. c4 Nc3 16. Qc2 Be4 0-1

[Event "*** SCC Grand Prix: Titled Tuesday Blitz"]
[Site "Chess.com"]
[Date "2020.06.02"]
[Round "1"]
[White "Doraemon7"]
[Black "diablanni"]
[Result "0-1"]
[WhiteElo "2664"]
[BlackElo "2353"]
[TimeControl "180+1"]
[EndTime "10:03:04 PDT"]
[Termination "diablanni won by resignation"]

1. Nf3 c5 2. c4 Nf6 3. Nc3 g6 4. d4 cxd4 5. Nxd4 Nc6 6. e4 d6 7.
Be2 Nxd4 8. Qxd4 Bg7 9. Be3 O-O 10.
Qd2 Be6 11. O-O Qa5 12. f4 Rfc8 13.
b3 b5 14. f5 Bd7 15. Bd4 Nxe4 0-1

[Event "*** SCC Grand Prix: Titled Tuesday Blitz"]
[Site "Chess.com"]
[Date "2020.06.02"]
[Round "1"]
[White "OhanyanEminChess"]
[Black "maciek_92"]
[Result "0-1"]
[WhiteElo "2404"]
[BlackElo "2806"]
[TimeControl "180+1"]
[EndTime "10:03:16 PDT"]
[Termination "maciek_92 won by resignation"]

1. e4 c5 2. Nf3 e6 3. d4 cxd4 4.
Nxd4 Nc6 5. Nc3 a6 6. Be3 Nf6 7. Nxc6 bxc6 8. Bd3 d5 9. O-O d4 10. Bg5 dxc3 11. e5 cxb2 12. Rb1 h6 13. exf6 hxg5 14. Qf3 gxf6 15. Qxc6+ Bd7 0-1

[Event "*** SCC Grand Prix: Titled Tuesday Blitz"]
[Site "Chess.com"]
[Date "2020.06.02"]
[Round "1"]
[White "kingmonkey2006"]
[Black "Luibov_AN"]
[Result "1-0"]
[WhiteElo "2495"]
[BlackElo "2053"]
[TimeControl "180+1"]
[EndTime "10:03:21 PDT"]
[Termination "kingmonkey2006 won by resignation"]

1. e4 g6 2. d4 Bg7 3. Nc3 c5 4. d5 e5 5. d6 Nf6 6. Bg5 Qa5 7. Qd2 O-O 8. Nf3 Nc6 9. O-O-O Nd4 10. Kb1 Re8 11.
Bxf6 Bxf6 12. Nd5 Qd8 13. Nc7 b5 14. Nxa8 Bb7 15. Nc7 Bxe4 16. Nxd4 exd4 17. Nxe8 Qxe8 18. Bd3 Bf5 19. Bxf5 1-0

[Event "*** SCC Grand Prix: Titled Tuesday Blitz"]
[Site "Chess.com"]
[Date "2020.06.02"]
[Round "1"]
[White "penguingm1"]
[Black "boasovietica"]
[Result "1-0"]
[WhiteElo "2949"]
[BlackElo "2444"]
[TimeControl "180+1"]
[EndTime "10:03:29 PDT"]
[Termination "penguingm1 won by resignation"]

1. d4 Nf6 2. c4 e6 3. Nc3 d5 4. cxd5 exd5 5. Bg5 Nbd7 6. e3 Be7 7. Bd3 c6 8. Qc2 Nh5 9. Bxe7 Qxe7 10. Nge2 g6 11. O-O-O Nb6 12. Kb1 Bd7 13. Rc1 O-O-O 14. Qb3 Kb8 15.
a4 Nc8 16. a5 Nd6 17. Na4 Ka8 18. Nc5 Bc8 19. Nc3 Rhe8 20. N3a4 Nf6 21. Nb6+ axb6 22. axb6 Kb8 23. Qa3 Nb5 24. Bxb5 Bf5+ 25. Ka1 1-0

[Event "*** SCC Grand Prix: Titled Tuesday Blitz"]
[Site "Chess.com"]
[Date "2020.06.02"]
[Round "1"]
[White "cukin84"]
[Black "Zenzo"]
[Result "0-1"]
[WhiteElo "2210"]
[BlackElo "2558"]
[TimeControl "180+1"]
[EndTime "10:03:29 PDT"]
[Termination "Zenzo won by resignation"]

1. e4 e5 2. Nf3 Nc6 3. c3 Nf6 4. d4 d6 5. Be2 exd4 6. cxd4 Be7 7. O-O O-O 8. Nc3 Re8 9. Bg5 h6 10. Bh4 Nxe4 11. Nxe4 Bxh4 12. Nxh4 Qxh4 13. Bf3 Rxe4 14. g3 Qe7 15. Bxe4 Qxe4 16. d5 Ne5 17. f4 Qe3+ 18.
Kh1 Bg4 19. Re1 Bf3+ 0-1

[Event "*** SCC Grand Prix: Titled Tuesday Blitz"]
[Site "Chess.com"]
[Date "2020.06.02"]
[Round "1"]
[White "baki83"]
[Black "Loiacono_Antonio"]
[Result "1-0"]
[WhiteElo "2828"]
[BlackElo "2413"]
[TimeControl "180+1"]
[EndTime "10:03:46 PDT"]
[Termination "baki83 won by resignation"]

1. d4 d5 2. Nf3 Nf6 3. Bf4 c6 4. e3 Bf5 5. Nbd2 e6 6. Ne5 Nbd7 7. g4 Bg6 8. h4 h5 9. Nxg6 fxg6 10. Bd3 Kf7 11. Nf3 Ne4 12. Bxe4 dxe4 13. Ng5+ Kg8 14. c3 Nf6 15. gxh5 Nxh5 16. Be5 Be7 17. Nxe6 Qd5 18. Nc7 1-0

[Event "*** SCC Grand Prix: Titled Tuesday Blitz"]
[Site "Chess.com"]
[Date "2020.06.02"]
[Round "1"]
[White "OK97"]
[Black "MergenKakabaev"]
[Result "1-0"]
[WhiteElo "2778"]
[BlackElo "2396"]
[TimeControl "180+1"]
[EndTime "10:03:54 PDT"]
[Termination "OK97 won by resignation"]

1. e4 e5 2. Nf3 Nc6 3. Bb5 a6 4.
Ba4 Nf6 5. O-O Be7 6. Re1 b5 7.
Bb3 d6 8. c3 O-O 9. d4 Bg4 10.
Be3 Na5 11. dxe5 dxe5 12. Qxd8 Raxd8 13. Nxe5 Nxb3 14. axb3 Bc8 15. Nc6 Rde8 16. Nxe7+ Rxe7 17. Bc5 Rxe4 18. Rxe4 Nxe4 19. Bxf8 Kxf8 20. f3 Nc5 21. Nd2 Ke7 22. Kf2 f5 23. Ke3 Kf6 24. f4 Bb7 25.
g3 Ne6 26. b4 c5 27. Nb3 cxb4 28.
cxb4 1-0

[Event "*** SCC Grand Prix: Titled Tuesday Blitz"]
[Site "Chess.com"]
[Date "2020.06.02"]
[Round "1"]
[White "verdest"]
[Black "WeAintSurePal"]
[Result "1-0"]
[WhiteElo "2583"]
[BlackElo "2244"]
[TimeControl "180+1"]
[EndTime "10:03:55 PDT"]
[Termination "verdest won by checkmate"]

1. d4 d5 2. c4 c6 3. Nf3 Nf6 4.
e3 a6 5. Nc3 g6 6. b3 Bg7 7. Be2 O-O 8. O-O b5 9. Bb2 Nbd7 10. Rc1 Bb7 11. Qc2 Rc8 12. Rfd1 e6 13. e4 dxe4 14. Nxe4 Nxe4 15. Qxe4 Qb6 16. Qh4 Rfd8 17.
Ng5 h6 18. Ne4 Nf8 19. Nf6+ Kh8 20. d5 cxd5 21. Nd7 Rxd7 22. Qxh6+ Kg8 23. Qxg7# 1-0

[Event "*** SCC Grand Prix: Titled Tuesday Blitz"]
[Site "Chess.com"]
[Date "2020.06.02"]
[Round "1"]
[White "Majesth"]
[Black "Illingworth"]
[Result "1-0"]
[WhiteElo "2450"]
[BlackElo "2891"]
[TimeControl "180+1"]
[EndTime "10:03:58 PDT"]
[Termination "Majesth won by resignation"]

1. d4 d5 2. Bg5 f6 3. Bh4 Nh6 4. e3 Nf5 5. Bg3 h5 6. Be2 h4 7. Bh5+ Kd7 8. Bf4 g5 9. e4 dxe4 10. d5 gxf4 11. Bg4 Kd6 12. Nc3 Ng3 13. hxg3 f5 14. Nb5+ Kc5 15. Qd4+ Kxb5 16. Be2+ Ka5 17. Qc5+ 1-0

[Event "*** SCC Grand Prix: Titled Tuesday Blitz"]
[Site "Chess.com"]
[Date "2020.06.02"]
[Round "1"]
[White "XDPS"]
[Black "OnatB"]
[Result "1-0"]
[WhiteElo "2679"]
[BlackElo "2333"]
[TimeControl "180+1"]
[EndTime "10:03:58 PDT"]
[Termination "XDPS won by resignation"]

1. e4 c5 2. Nf3 Nc6 3. Bb5 g6 4. Bxc6 bxc6 5. O-O Bg7 6. Re1 e5 7. c3 Qb6 8. Na3 Ba6 9. d3 Ne7 10. Nc4 Qc7 11. Qa4 Bb5 12. Qa3 d6 13. Nfd2 O-O 14.
Nf1 h6 15. Be3 Kh7 16. Nxd6 Bxd3 17. Bxc5 a5 18. Rad1 Ba6 19. Ne3 f5 20. exf5 Nxf5 21. Ndxf5 gxf5 22. Bxf8 Bxf8 23. Qa4 Bc5 24. Nxf5 Rf8 25.
Qe4 Bxf2+ 26. Kxf2 Bc8 27. g4 1-0

[Event "*** SCC Grand Prix: Titled Tuesday Blitz"]
[Site "Chess.com"]
[Date "2020.06.02"]
[Round "1"]
[White "DLR7"]
[Black "Susal_De_Silva"]
[Result "1-0"]
[WhiteElo "2656"]
[BlackElo "2319"]
[TimeControl "180+1"]
[EndTime "10:04:02 PDT"]
[Termination "DLR7 won by resignation"]

1. e4 e5 2. Nf3 Nc6 3. Bc4 Nf6 4. Ng5 d5 5. exd5 Na5 6. Bb5+ c6 7. dxc6 bxc6 8. Qf3 Bd7 9. Bd3 h6 10. Ne4 Be7 11. Nxf6+ Bxf6 12. b3 O-O 13. O-O g6 14. Nc3 Bg7 15. Ba3 Re8 16. Qg3 e4 17. Nxe4 Bxa1 18. Rxa1 Bf5 19. Nd6 Bxd3 20. Nxe8 Bxc2 21. Qc3 Qxe8 22. Bb2 Kf8 23. Qg7+ Ke7 24. Re1+ 1-0

[Event "*** SCC Grand Prix: Titled Tuesday Blitz"]
[Site "Chess.com"]
[Date "2020.06.02"]
[Round "1"]
[White "GigaQuparadze"]
[Black "TudorAnton"]
[Result "1-0"]
[WhiteElo "2846"]
[BlackElo "2419"]
[TimeControl "180+1"]
[EndTime "10:04:03 PDT"]
[Termination "GigaQuparadze won by resignation"]

1. e4 e5 2. Nf3 Nc6 3. Bb5 a6 4.
Ba4 Nf6 5. O-O b5 6. Bb3 Bc5 7. a4 Rb8 8. d3 d6 9. Nc3 O-O 10.
axb5 axb5 11. Bg5 h6 12. Bh4 Bg4 13. h3 Bxf3 14. Qxf3 Nd4 15. Qd1 Nxb3 16. cxb3 c6 17. Ra6 g5 18. Bg3 Ra8 19. Rxc6 Qe8 20. Rc7 Bb6 21. Rb7 Qc6 22. Qf3 Kg7 23. Rxb6 Qxb6 24. Qxf6+ Kxf6 25. Nd5+ Ke6 26. Nxb6 Ra2 27. Rb1 Rb8 28.
Nd5 Rc8 29. Nc3 Ra7 30. b4 f5 31.
exf5+ Kxf5 32. Nxb5 Ra6 33. Nc3 Ke6 34. b5 Ra5 35. Re1 1-0

[Event "*** SCC Grand Prix: Titled Tuesday Blitz"]
[Site "Chess.com"]
[Date "2020.06.02"]
[Round "1"]
[White "Msb2"]
[Black "MFguimaraes"]
[Result "1-0"]
[WhiteElo "2817"]
[BlackElo "2409"]
[TimeControl "180+1"]
[EndTime "10:04:04 PDT"]
[Termination "Msb2 won by resignation"]

1. d4 Nf6 2. c4 c6 3. Nc3 d5 4. e3 e6 5. Nf3 Nbd7 6. Be2 Bd6 7. O-O O-O 8. a4 a5 9. Qc2 dxc4 10. Bxc4 e5 11.
h3 Qe7 12. Bb3 b6 13. Re1 e4 14. Ng5 Bb7 15. Ngxe4 Nxe4 16. Qxe4 Qd8 17. Bc2 g6 18. Qf3 Ra7 19. e4 Bb4 20. Bh6 Re8 21. Bb3 Qe7 22.
Re2 Ba6 23. Re3 Nf6 24. e5 Nh5 25. Ne4 Kh8 26. Nd6 Bxd6 27. exd6 Qd7 28. Rxe8+ Qxe8 29. g4 Be2 30. Re1 Re7 31. dxe7 Bxf3 32. Bxf7 1-0

[Event "*** SCC Grand Prix: Titled Tuesday Blitz"]
[Site "Chess.com"]
[Date "2020.06.02"]
[Round "1"]
[White "FlightsOfFancy"]
[Black "ural58"]
[Result "0-1"]
[WhiteElo "1821"]
[BlackElo "2463"]
[TimeControl "180+1"]
[EndTime "10:04:04 PDT"]
[Termination "ural58 won on time"]

1. e4 d5 2. exd5 Qxd5 3. Nc3 Qa5 4. d4 Nf6 5. Nf3 Nc6 6. d5 Nb4 7. Bb5+ Bd7 8. Bxd7+ Nxd7 9. a3 Nf6 10. axb4 Qxa1 11. O-O Qa6 12. Ne5 Rd8 13. Bg5 e6 14. b5 Qd6 15. Nc4 Qc5 16. Qe2 Be7 17. dxe6 Qxg5 0-1

[Event "*** SCC Grand Prix: Titled Tuesday Blitz"]
[Site "Chess.com"]
[Date "2020.06.02"]
[Round "1"]
[White "JiaHaoxiang"]
[Black "HanSchut"]
[Result "1-0"]
[WhiteElo "2554"]
[BlackElo "2203"]
[TimeControl "180+1"]
[EndTime "10:04:05 PDT"]
[Termination "JiaHaoxiang won by resignation"]

1. Nf3 c5 2. g3 Nc6 3. Bg2 Nf6 4. c4 g6 5. d4 cxd4 6. Nxd4 Bg7 7. Nc3 O-O 8. O-O Nxd4 9. Qxd4 d6 10. Qd3 Be6 11. Bxb7 Rb8 12. Bf3 Qc8 13. b3 Nd7 14. Qd2 Ne5 15. Bg2 Bh3 16. Rb1 Bxg2 17. Kxg2 Qc6+ 18. f3 Nxc4 19. bxc4 Bxc3 20. Qxc3 Rxb1 21. Bh6 1-0

[Event "*** SCC Grand Prix: Titled Tuesday Blitz"]
[Site "Chess.com"]
[Date "2020.06.02"]
[Round "1"]
[White "Gromes7"]
[Black "Kildepiotr"]
[Result "0-1"]
[WhiteElo "2019"]
[BlackElo "2478"]
[TimeControl "180+1"]
[EndTime "10:04:06 PDT"]
[Termination "Kildepiotr won by resignation"]

1. d4 c5 2. Nf3 cxd4 3. g3 d5 4.
Bg2 Nc6 5. O-O e5 6. Nxd4 exd4 7.
c3 Nf6 8. cxd4 Be7 9. Nc3 O-O 10. Bg5 Be6 11. e4 Nxe4 12. Bxe7 Nxc3 13. Bxd8 Nxd1 14. Bg5 Nxb2 15. Rab1 Nc4 16. Rxb7 Rab8 17. Rc7 Nxd4 18. h3 h6 19. Be7 Rfe8 20. Bc5 Nb5 21. Rc6 Rec8 22.
Rxc8+ Rxc8 23. Bb4 a5 24. Be7 d4 25. Rb1 Nc3 26. Rb7 d3 0-1

[Event "*** SCC Grand Prix: Titled Tuesday Blitz"]
[Site "Chess.com"]
[Date "2020.06.02"]
[Round "1"]
[White "serhanberat_ozdemir"]
[Black "gumimis"]
[Result "1-0"]
[WhiteElo "2519"]
[BlackElo "2141"]
[TimeControl "180+1"]
[EndTime "10:04:07 PDT"]
[Termination "serhanberat_ozdemir won by checkmate"]

1. e4 c6 2. d4 d5 3. exd5 cxd5 4. c4 Nf6 5. Nc3 Nc6 6. Bg5 dxc4 7. Bxc4 Qxd4 8. Qxd4 Nxd4 9. O-O-O e5 10. f4 Nc6 11.
Nb5 Rb8 12. Nc7+ Ke7 13. Nd5+ Ke8 14. Nxf6+ gxf6 15. Bxf6 Rg8 16. Nf3 Rxg2 17. Rhe1 Bg4 18. Nxe5 Bxd1 19. Bxf7# 1-0

[Event "*** SCC Grand Prix: Titled Tuesday Blitz"]
[Site "Chess.com"]
[Date "2020.06.02"]
[Round "1"]
[White "KaterynaLagno"]
[Black "vitnik2020"]
[Result "1-0"]
[WhiteElo "2678"]
[BlackElo "2333"]
[TimeControl "180+1"]
[EndTime "10:04:11 PDT"]
[Termination "KaterynaLagno won by resignation"]

1. e4 e5 2. Nf3 Nc6 3. Bb5 a6 4. Ba4 Nf6 5. O-O Be7 6. d3 d6 7. c3 O-O 8. Nbd2 b5 9. Bc2 d5 10. Re1 d4 11. Nf1 dxc3 12. bxc3 b4 13. Ba4 Qd6 14. Bb2 Nd7 15. Ne3 bxc3 16. Bxc3 Nd4 17. Nc4 Qc5 18. Rb1 Nxf3+ 19. Qxf3 Bf6 20. Bb4 Qd4 21.
Bxf8 Nxf8 22. Bc6 Ra7 23. Rb8 Be6 24. Qe3 Bxc4 25. dxc4 g6 26. Qxd4 exd4 27. e5 Be7 28. e6 1-0

[Event "*** SCC Grand Prix: Titled Tuesday Blitz"]
[Site "Chess.com"]
[Date "2020.06.02"]
[Round "1"]
[White "Quaternitychess"]
[Black "imdvb6307"]
[Result "1-0"]
[WhiteElo "2815"]
[BlackElo "2404"]
[TimeControl "180+1"]
[EndTime "10:04:13 PDT"]
[Termination "Quaternitychess won by resignation"]

1. e4 e5 2. Nf3 Nf6 3. Nc3 Nc6 4. h3 Bc5 5. Nxe5 Nxe5 6. d4 d6 7. dxc5 dxc5 8. Qxd8+ Kxd8 9. Bg5 c6 10. O-O-O+ Kc7 11.
f4 Ng6 12. f5 Ne5 13. Bf4 Re8 14.
Bc4 b5 15. Bxf7 Re7 16. Be6 Nd7 17. Rxd7+ Bxd7 18. Bxe5+ Kb6 19. Bd6 Rxe6 20. fxe6 Bxe6 21. Rf1 Rd8 22. e5 1-0

[Event "*** SCC Grand Prix: Titled Tuesday Blitz"]
[Site "Chess.com"]
[Date "2020.06.02"]
[Round "1"]
[White "EfrenRamos1"]
[Black "mbachez"]
[Result "0-1"]
[WhiteElo "2169"]
[BlackElo "2531"]
[TimeControl "180+1"]
[EndTime "10:04:15 PDT"]
[Termination "mbachez won by resignation"]

1. d4 Nf6 2. c4 Nc6 3. Nc3 e5 4. d5 Ne7 5. e4 Ng6 6. Be3 Bb4 7.
f3 Bxc3+ 8. bxc3 O-O 9. c5 d6 10. c4 Nd7 11. Bd3 Nxc5 12. Bxc5 dxc5 13. Ne2 Qg5 14.
O-O b6 15. Qc1 h6 16. Qxg5 hxg5 17. g3 a5 18. Nc3 Ba6 19. a4 Rfd8 20. Rfd1 f6 21.
Bf1 Kf7 22. Nb5 Bxb5 23. cxb5 Ne7 24. Bh3 Nc8 25. Be6+ Ke7 26. Bxc8 Raxc8 27. Kg2 Rh8 28. h3 Rh6 29. g4 Rch8 30. Rh1 Kd6 31. Rac1 g6 32.
Rc3 R6h7 33. Rc4 Rf8 34. Rc2 f5 35. Re1 Rfh8 36. Rh1 fxe4 37. fxe4 Rf7 38. Rf2 Rf4 39. Rxf4 exf4 40. Kf3 c4 41. Kg2 Kc5 42. Kf3 Rh7 43.
h4 Rxh4 44. Rxh4 gxh4 45. Kxf4 c3 0-1

[Event "*** SCC Grand Prix: Titled Tuesday Blitz"]
[Site "Chess.com"]
[Date "2020.06.02"]
[Round "1"]
[White "LamaChampetre"]
[Black "Zq1"]
[Result "0-1"]
[WhiteElo "2171"]
[BlackElo "2535"]
[TimeControl "180+1"]
[EndTime "10:04:17 PDT"]
[Termination "Zq1 won by resignation"]

1. d4 Nf6 2. c4 a6 3. g3 c5 4. Bg2 cxd4 5. Qxd4 Nc6 6. Qd1 g6 7. Nf3 Bg7 8. O-O O-O 9. Nc3 Rb8 10. Bf4 d6 11. c5 Nh5 12. Be3 dxc5 13. Bxc5 Qa5 14. Bd4 Rd8 15. e3 e5 16. g4 Bxg4 17. h3 Bxf3 18.
Bxf3 exd4 19. Ne4 dxe3 20. Qb3 Nd4 0-1

[Event "*** SCC Grand Prix: Titled Tuesday Blitz"]
[Site "Chess.com"]
[Date "2020.06.02"]
[Round "1"]
[White "rynos0411"]
[Black "AungTZ"]
[Result "0-1"]
[WhiteElo "2450"]
[BlackElo "1929"]
[TimeControl "180+1"]
[EndTime "10:04:20 PDT"]
[Termination "AungTZ won by resignation"]

1. d4 Nf6 2. c4 e6 3. Nf3 b6 4. g3 Ba6 5. b3 Bb4+ 6. Nbd2 O-O 7. Bg2 c6 8. O-O d5 9. Qc2 h6 10. Rd1 Nbd7 11. a3 Be7 12. Bb2 Rc8 13. Rac1 c5 14.
dxc5 Nxc5 15. b4 Nce4 16. Qb1 Qe8 17. Ne5 Nxd2 18. Rxd2 Bxc4 19. Nxc4 Rxc4 20. Rxc4 dxc4 21. Be5 b5 22. Qb2 Qc8 23. Bd4 a6 24. Bb6 c3 0-1

[Event "*** SCC Grand Prix: Titled Tuesday Blitz"]
[Site "Chess.com"]
[Date "2020.06.02"]
[Round "1"]
[White "politeplayer"]
[Black "tvjosue"]
[Result "0-1"]
[WhiteElo "2244"]
[BlackElo "2582"]
[TimeControl "180+1"]
[EndTime "10:04:22 PDT"]
[Termination "tvjosue won by resignation"]

1. e4 c5 2. Nf3 Nc6 3. d4 cxd4 4. Nxd4 Qb6 5. Nb3 Nf6 6. Nc3 e6 7. Be3 Qc7 8. Bd3 a6 9. f4 d6 10. Qf3 Rb8 11. Rd1 Be7 12. g4 g6 13. f5 Ne5 14.
Qg3 Nfxg4 15. Bd4 Qd8 16. O-O O-O 17. h3 Nf6 18. Bxe5 Nh5 19. Qf3 dxe5 20. Ne2 b5 21.
Kh1 Qc7 22. Ng3 Nf4 23. Ne2 Nxd3 24. cxd3 exf5 25. exf5 Bb7 0-1

[Event "*** SCC Grand Prix: Titled Tuesday Blitz"]
[Site "Chess.com"]
[Date "2020.06.02"]
[Round "1"]
[White "Ranindu2003"]
[Black "PauloFanha"]
[Result "1-0"]
[WhiteElo "2469"]
[BlackElo "1952"]
[TimeControl "180+1"]
[EndTime "10:04:22 PDT"]
[Termination "Ranindu2003 won by resignation"]

1. e4 d5 2. exd5 Qxd5 3. Nc3 Qd6 4. d4 Nf6 5. Nf3 c6 6. Ne5 Bf5 7. Bc4 e6 8. Bf4 Qd8 9. a3 Bd6 10. Qe2 O-O 11. O-O-O b5 12. Bb3 b4 13. axb4 Bxb4 14. Na2 Bd6 15. f3 Nd5 16. Bd2 a5 17. g4 Bg6 18. h4 f6 19. Nxg6 hxg6 20. Qxe6+ Kh8 21. g5 Qe7 22. Bxd5 cxd5 23. Qxd5 Nd7 24. h5 1-0

[Event "*** SCC Grand Prix: Titled Tuesday Blitz"]
[Site "Chess.com"]
[Date "2020.06.02"]
[Round "1"]
[White "Stewie_89"]
[Black "Tomytoteph"]
[Result "1-0"]
[WhiteElo "2634"]
[BlackElo "2297"]
[TimeControl "180+1"]
[EndTime "10:04:23 PDT"]
[Termination "Stewie_89 won by resignation"]

1. e4 c5 2. Nf3 g6 3. h4 h5 4. d4 cxd4 5. Nxd4 Nf6 6. Nc3 Nc6 7. Nxc6 bxc6 8. Be2 Qc7 9. Bg5 Bg7 10. Qd2 Rb8 11. Rb1 d6 12. O-O Be6 13. b3 Qa5 14.
b4 Rxb4 15. Nd5 c5 16. Nxb4 cxb4 17. Qxb4 1-0

[Event "*** SCC Grand Prix: Titled Tuesday Blitz"]
[Site "Chess.com"]
[Date "2020.06.02"]
[Round "1"]
[White "krasavetc"]
[Black "emperor87"]
[Result "0-1"]
[WhiteElo "2246"]
[BlackElo "2585"]
[TimeControl "180+1"]
[EndTime "10:04:27 PDT"]
[Termination "emperor87 won by resignation"]

1. Nf3 Nf6 2. Nc3 b6 3. e4 Bb7 4. d3 d6 5. Bg5 Nbd7 6. Be2 e5 7.
O-O Be7 8. Bh4 O-O 9. Nd2 h6 10.
Bg3 Re8 11. f4 exf4 12. Bxf4 Ne5 13. Nf3 Ng6 14. Bg3 Nd7 15. Nd4 Bf6 16. Nf5 Nc5 17. Bh5 Kh7 18. Qg4 d5 19. exd5 Bxc3 20. bxc3 Qxd5 21.
Nh4 Nxh4 22. Bxh4 g6 23. c4 Qxh5 24. Rxf7+ Kg8 25. Qxh5 gxh5 26. d4 Kxf7 0-1

[Event "*** SCC Grand Prix: Titled Tuesday Blitz"]
[Site "Chess.com"]
[Date "2020.06.02"]
[Round "1"]
[White "TheFireChess"]
[Black "Zkid"]
[Result "1-0"]
[WhiteElo "2412"]
[BlackElo "2760"]
[TimeControl "180+1"]
[EndTime "10:04:32 PDT"]
[Termination "TheFireChess won by resignation"]

1. e4 e6 2. Nc3 d5 3. d3 Nf6 4.
e5 Nfd7 5. f4 c5 6. Nf3 Nc6 7.
g3 f6 8. Bg2 fxe5 9. fxe5 Ndxe5 10. Nxe5 Nxe5 11. O-O Be7 12. Qh5+ Ng6 13. Bd2 Bf6 14.
Nxd5 exd5 15. Rae1+ Kd7 16. Qxd5+ Kc7 17. Ba5+ b6 18.
Qc6+ Kb8 19. Qxa8+ Kc7 20. Qxa7+ Kd6 21. Bxb6 Bd4+ 22. Kh1 Qd7 23. Qa3 Qb5 24. c3 Bf6 25.
Qa7 Bd8 26. Qb8+ Kd7 27. Rf7+ Ne7 28. Rfxe7+ Bxe7 29. Qc7+ 1-0

[Event "*** SCC Grand Prix: Titled Tuesday Blitz"]
[Site "Chess.com"]
[Date "2020.06.02"]
[Round "1"]
[White "googlegoom"]
[Black "jefferyx"]
[Result "0-1"]
[WhiteElo "2440"]
[BlackElo "2931"]
[TimeControl "180+1"]
[EndTime "10:04:37 PDT"]
[Termination "jefferyx won by resignation"]

1. Nf3 c5 2. b3 Nf6 3. Bb2 g6 4.
e3 Bg7 5. Be2 O-O 6. O-O b6 7. d4 cxd4 8. Nxd4 Bb7 9. Bf3 d5 10.
Nd2 Nbd7 11. c4 Ne5 12. Be2 Qd7 13. cxd5 Nxd5 14. N2f3 Rac8 15. Rc1 Rxc1 16. Qxc1 Rc8 17. Qa1 Nxf3+ 18. Nxf3 Nc3 19. Bxc3 Rxc3 20. Rc1 Rxe3 21. Qxg7+ Kxg7 22. fxe3 Bxf3 23. gxf3 Qd2 0-1